 Dungeon Crawl Stone Soup version 0.29-a0-275-g389c0b56f3 (webtiles) character file.

Game seed: 9479490293204939122

13953 mathmaestro the Grappler (level 11, -5/115 HPs)
             Began as a Troll Monk on Mar 11, 2022.
             Slain by a cane toad (9 damage)
             ... on level 10 of the Dungeon.
             The game lasted 00:22:44 (10388 turns).

mathmaestro the Grappler (Troll Monk)              Turns: 10388, Time: 00:22:44

Health: -5/115     AC: 11    Str: 25    XL:     11   Next: 82%
Magic:  10/10      EV: 10    Int:  6    God:
Gold:   475        SH:  5    Dex: 12    Spells: 10/10 levels left

rFire   + . .      SeeInvis .     - Unarmed
rCold   . . .      Faith    .   (no shield)
rNeg    . . .      Spirit   .   G - +4 troll leather armour {Snorg}
rPois   .          Reflect  +   (helmet restricted)
rElec   .          Harm     .   H - +0 cloak
rCorr   .          Rampage  .   (gloves unavailable)
Will    .....      Rage     1%  (boots unavailable)
Stlth   +++.......              p - amulet of reflection
HPRegen 2.69/turn               o - ring of protection from fire
MPRegen 0.12/turn               n - ring of Shadows {Umbra +Inv Stlth+}

@: mighty, lethally poisoned (-5 -> -25), wreathed by umbra, studying Long
Blades, unable to read
A: large, unfitting armour, claws 3, regeneration 2, shaggy fur 1, tough skin 1,
berserk 1, inability to read while threatened
a: Evoke Invisibility


You were on level 10 of the Dungeon.
You visited 3 branches of the dungeon, and saw 13 of its levels.
You also visited: Sewer.

You collected 601 gold pieces.
You spent 126 gold pieces at shops.

Inventory:

Hand Weapons
 a - a +3 scimitar of flaming
Missiles
 c - 48 poisoned darts
 e - 643 stones
 h - 5 curare-tipped darts
 u - 6 throwing nets
 w - 10 boomerangs (quivered)
 E - 5 large rocks
Armour
 G - a +4 troll leather armour (worn) {Snorg}
 H - a +0 cloak (worn)
 I - +0 fire dragon scales
Jewellery
 f - a ring of flight
 n - the ring of Shadows (right claw) {Umbra +Inv Stlth+}
   (You found it on level 11 of the Dungeon)

   [ring of stealth]

   It surrounds you with an aura of shadow, increasing your stealth and reducing
   the accuracy of all others within it.
   +Inv:      It lets you turn invisible.
   Stlth:     It makes you more stealthy.
 o - a ring of protection from fire (left claw)
 p - an amulet of reflection (around neck)
 s - a ring of protection from cold
Wands
 y - a wand of polymorph (3)
 B - a wand of flame (20)
 C - a wand of paralysis (11)
Scrolls
 g - a scroll of summoning
 i - 7 scrolls of teleportation
 l - a scroll of magic mapping
 m - a scroll of fog
 q - 3 scrolls of enchant armour
 r - a scroll of blinking
 z - a scroll of silence
 D - a scroll of holy word
Potions
 b - 3 potions of ambrosia
 d - 10 potions of curing
 j - 3 potions of haste
 k - 2 potions of resistance
 t - 2 potions of flight
 v - 2 potions of might
 x - a potion of heal wounds
 F - a potion of lignification


   Skills:
 + Level 9.0 Fighting
 + Level 7.7 Throwing
 + Level 2.1 Armour
 + Level 3.8 Dodging
 - Level 1.0 Stealth
 + Level 10.7 Unarmed Combat
 + Level 6.5 Evocations


You had 10 spell levels left.
You didn't know any spells.
Your spell library contained the following spells:

 Spells                   Type           Power      Damage    Failure   Level
 Animate Skeleton         Necr           0%         N/A       50%         1
 Pain                     Necr           0%         1d4       50%         1
 Summon Small Mammal      Summ           0%         N/A       50%         1
 Call Canine Familiar     Summ           0%         N/A       86%         3
 Dazzling Flash           Conj/Hex       0%         N/A       86%         3
 Ozocubu's Armour         Ice            0%         N/A       86%         3
 Portal Projectile        Hex/Tloc       0%         N/A       86%         3
 Summon Guardian Golem    Hex/Summ       0%         N/A       86%         3
 Vampiric Draining        Necr           0%         2d6       86%         3
 Agony                    Necr           0%         N/A       100%        5
 Blade Hands              Tmut           0%         N/A       100%        5
 Excruciating Wounds      Necr           0%         N/A       100%        5
 Metabolic Englaciation   Hex/Ice        0%         N/A       100%        5
 Silence                  Hex/Air        0%         N/A       100%        5
 Simulacrum               Ice/Necr       0%         N/A       100%        6


Dungeon Overview and Level Annotations

Branches:
Dungeon (11/15)            Temple (1/1) D:7            Lair (1/6) D:10
    Orc (0/2) D:11          Sewer (visited)

Altars:
Ashenzari
Cheibriados
Dithmenos
Elyvilon
Fedhas
Gozag
Hepliaklqana
Kikubaaqudgha
Makhleb
Nemelex Xobeh
Okawaru
Qazlal
Ru
Sif Muna
Trog
Uskayaw
Vehumet
Wu Jian
Xom
Yredelemnul
Zin
The Shining One

Shops:
D:1 *   D:6 (   D:10 (


Innate Abilities, Weirdness & Mutations

You are too large for most types of armour.
You have claws for hands.
You heal very quickly.
You are covered in fur. (AC +1)
You have tough skin. (AC +1)
You tend to lose your temper in combat.
You sometimes lose the ability to read scrolls when taking damage.


Message History

* * * LOW HITPOINT WARNING * * *
You are lethally poisoned!
The water moccasin poisons you! The bullfrog barely misses you.
The cane toad stings you but does no damage.
You feel much better.
You feel extremely sick.
The water moccasin bites you but does no damage.
The cane toad stings you!
* * * LOW HITPOINT WARNING * * *
You are lethally poisoned!
The cane toad poisons you! You block the bullfrog's attack.
You block the cane toad's attack. The water moccasin barely misses you.
The cane toad closely misses you.
You feel much better.
You feel extremely sick. You block the bullfrog's attack.
The water moccasin bites you but does no damage.
The cane toad barely misses you.
The bullfrog releases a deep croak.
The bullfrog barely misses you. The cane toad stings you!
* * * LOW HITPOINT WARNING * * *
Unknown command.
You barely miss the water moccasin. Your claw misses the water moccasin.
The water moccasin is severely wounded.
You feel extremely sick. The water moccasin misses you.
The bullfrog hits you but does no damage.
The cane toad stings you.
* * * LOW HITPOINT WARNING * * *
The cane toad stings you!
* * * LOW HITPOINT WARNING * * *
You are more poisoned.
The cane toad poisons you!
Unknown command.
You mangle the water moccasin!!
You kill the water moccasin!
* * * LOW HITPOINT WARNING * * *
You feel extremely sick. You block the bullfrog's attack.
The cane toad stings you!
You die...

##..........####..##.#####
###.......#..............##
#####.....#..........###..##
.....................# ##..##
...#.###.............#####..###
###..# #...............###....#
.#..## #..#..........#..##....#
...## #.#####.########.##....#
..## #.#####..@######.......#
#.# #.......FFF............#
#.# #.#####.###########....#
#.# ##<# ###F## #....# #)#
##..# #....# #....# .)## #...#
#....# #....# .).###.#.# #....#
##.### .#.##..#.# #....# #.#
.#.##....###....# #.#####


You could see 2 cane toads, a blink frog and a bullfrog.

Vanquished Creatures
  Snorg (D:11)
  Harold (D:11)
  Erica (D:11)
  The ghost of Esekla the Magician, a novice FoIE (D:8)
  A cyclops (D:10)
  A manticore (D:11)
  A black mamba (D:10)
  A cane toad (D:10)
  Psyche (D:9)
  2 polar bears (D:11)
  A troll (D:9)
  Prince Ribbit (D:6)
  A centaur simulacrum (D:11)
  2 shadows (D:9)
  A wraith (D:10)
  4 wyverns
  14 yaks
  A vampire (D:11)
  Grum (D:9)
  A basilisk (D:8)
  2 vampire mosquitoes
  Duvessa (D:4)
  An acid dragon (D:9)
  3 water moccasins
  4 ice beasts
  An orc warrior (D:7)
  3 sky beasts
  An ogre (D:6)
  7 wolves
  3 centaurs
  A phantom (D:4)
  8 kobold brigands
  7 bullfrogs
  A gnoll sergeant (D:8)
  A scorpion (D:6)
  4 wights (D:9)
  Dowan (D:4)
  4 killer bees (D:4)
  4 howler monkeys
  4 electric eels
  3 lava snakes (D:10)
  4 quasits (D:8)
  3 jellies
  A gnoll shaman (D:6)
  A hound (D:5)
  4 orc priests
  4 iguanas
  6 orc wizards
  12 gnolls
  17 adders
  2 river rats (Sewer)
  2 white imps (D:11)
  2 ufetubi (D:6)
  7 worms
  26 orcs
  9 endoplasms
  4 giant cockroaches
  3 goblins
  7 hobgoblins
  5 jackals
  4 quokkas
  13 ball pythons
  3 bats
  5 frilled lizards
  31 kobolds
  10 rats
287 creatures vanquished.

Vanquished Creatures (others)
  13 plants
13 creatures vanquished.

Grand Total: 300 creatures vanquished

Notes
Turn   | Place    | Note
-------+----------+-------------------------------------------
     0 | D:1      | mathmaestro the Troll Monk began the quest for the Orb.
     0 | D:1      | Reached XP level 1. HP: 22/22 MP: 0/0
     1 | D:1      | Found Plog's General Store.
   260 | D:1      | Bought a scroll of identify for 22 gold pieces
   278 | D:2      | Reached XP level 2. HP: 29/29 MP: 1/1
   362 | D:1      | Reached XP level 3. HP: 32/36 MP: 2/2
   562 | D:2      | Found a faded altar of an unknown god.
   610 | D:2      | Found a broken altar of Ashenzari.
   689 | D:2      | Reached XP level 4. HP: 45/45 MP: 3/3
   885 | D:3      | Reached skill level 4 in Unarmed Combat
   924 | D:3      | Found a shadowy altar of Dithmenos.
  1179 | D:3      | Found a blossoming altar of Fedhas.
  1312 | D:3      | Found a stormy altar of Qazlal.
  1466 | D:2      | Reached XP level 5. HP: 53/53 MP: 4/4
  1855 | D:4      | Noticed a phantom
  1866 | D:4      | Killed a phantom
  1867 | D:4      | Reached skill level 5 in Unarmed Combat
  1867 | D:4      | Reached XP level 6. HP: 50/62 MP: 5/5
  2025 | D:4      | Noticed Duvessa
  2039 | D:4      | Killed Duvessa
  2063 | D:4      | Noticed Dowan
  2081 | D:4      | Killed Dowan
  2155 | D:4      | Found a hazy altar of Hepliaklqana.
  2166 | D:4      | Reached XP level 7. HP: 66/71 MP: 6/6
  2213 | D:4      | Reached skill level 5 in Fighting
  2213 | D:4      | Reached skill level 6 in Unarmed Combat
  2910 | D:5      | Entered Level 5 of the Dungeon
  2988 | D:5      | Found a glowing drain.
  3007 | Sewer    | Entered a sewer
  3239 | Sewer    | Reached skill level 1 in Throwing
  3335 | Sewer    | Reached skill level 1 in Evocations
  3736 | D:5      | Reached XP level 8. HP: 81/81 MP: 7/7
  4169 | D:5      | Reached skill level 7 in Unarmed Combat
  4877 | D:6      | Found Akuqaxt's Weapon Shop.
  4947 | D:6      | Reached XP level 9. HP: 86/91 MP: 8/8
  5066 | D:1      | Bought a scroll of identify for 22 gold pieces
  5066 | D:1      | Bought a scroll of blinking for 82 gold pieces
  5253 | D:6      | Found a snail-covered altar of Cheibriados.
  5596 | D:7      | Noticed Prince Ribbit
  5611 | D:6      | Killed Prince Ribbit
  5746 | D:7      | Reached skill level 8 in Unarmed Combat
  5896 | D:7      | Found a staircase to the Ecumenical Temple.
  5981 | Temple   | Entered the Ecumenical Temple
  6734 | D:8      | Found an ancient bone altar of Kikubaaqudgha.
  6883 | D:8      | Reached skill level 5 in Throwing
  6907 | D:8      | Found a transporter.
  6925 | D:8      | Noticed Esekla's ghost (novice FoIE)
  7219 | D:8      | Found a transporter.
  7391 | D:8      | Killed Esekla's ghost
  7392 | D:8      | Reached XP level 10. HP: 60/102 MP: 9/9
  7487 | D:9      | Reached skill level 9 in Unarmed Combat
  7581 | D:9      | Noticed Grum
  7916 | D:9      | Reached skill level 5 in Evocations
  7941 | D:9      | Killed Grum
  8114 | D:9      | Noticed Psyche
  8133 | D:9      | Killed Psyche
  8254 | D:9      | Found an ornate altar of the Wu Jian Council.
  8310 | D:10     | Entered Level 10 of the Dungeon
  8409 | D:10     | Noticed a cyclops
  8428 | D:10     | Killed a cyclops
  8429 | D:10     | Reached XP level 11. HP: 46/113 MP: 10/10
  8537 | D:10     | Reached skill level 10 in Unarmed Combat
  8636 | D:10     | Found a staircase to the Lair.
  8726 | D:10     | Found a white marble altar of Elyvilon.
  8793 | D:10     | Found Ocivif's Weapon Boutique.
  9093 | D:11     | Noticed Snorg
  9290 | D:11     | Killed Snorg
  9307 | D:11     | Noticed Erica
  9318 | D:11     | Killed Erica
  9353 | D:11     | Reached skill level 1 in Armour
  9365 | D:11     | Found the ring of Shadows {Umbra +Inv Stlth+}
  9407 | D:11     | Noticed Harold
  9414 | D:11     | Killed Harold
  9731 | D:11     | Found a staircase to the Orcish Mines.
 10202 | D:11     | Gained mutation: You are frail. (-10% HP) [potion of
                  | mutation]
 10203 | D:11     | Lost mutation: You are frail. (-10% HP) [potion of
                  | mutation]
 10203 | D:11     | Gained mutation: You heal very quickly. [potion of
                  | mutation]
 10203 | D:11     | Gained mutation: You tend to lose your temper in combat.
                  | [potion of mutation]
 10203 | D:11     | Gained mutation: You sometimes lose the ability to read
                  | scrolls when taking damage. [potion of mutation]
 10275 | Lair:1   | Entered Level 1 of the Lair of Beasts
 10388 | D:10     | HP: 4/115 [poisoned by a cane toad]
 10388 | D:10     | Slain by a cane toad

Illustrated notes

Levels and vault maps discovered:
D:1:      wander_arrival_peaceful_grave, layout_basic, serial_shops, shop
D:2:      layout_rooms, hellmonk_ecumenical_altar_lost_god, basic_altar,
          lexackson_kobold_supper
D:3:      layout_basic, fedhas_altar_fruit_tree,
          nicolae_qazlal_general_emergency, nicolae_dithmenos_shadow_blocks
D:4:      layout_basic, old_standard_altar, minmay_misc_feat_doors,
          kennysheep_another_room, uniq_duvessa
D:5:      layout_loops_ring, lightli_ossuary_entry_decrepit_ruins,
          portal_sewer_entry_f
D:6:      layout_loops_cross, cheibrodos_worm_habitat, serial_shops,
          nicolae_shop_bloodbath_and_beyond
D:7:      layout_basic, minmay_temple_entry_mini_moons, serial_aquarium,
          aquarium_bridge_square [aquarium_subvault_bridge,
          aquarium_subvault_bridge, aquarium_subvault_balcony,
          aquarium_subvault_window], aquarium_window_2, aquarium_window_2,
          aquarium_view_2b, aquarium_view_2g, aquarium_balcony_5b,
          uniq_prince_ribbit1
D:8:      layout_rooms, mainiacjoe_overflow_catwalk, gammafunk_ghost_stat_death,
          serial_bayou_ford_a
D:9:      layout_basic, nzn_wu_jian_contemplation, minivault_1, uniq_grum,
          uniq_psyche
D:10:     kennysheep_big_flooded_room, layout_rooms,
          nicolae_overflow_crystal_walls, lair_entry_dummy, serial_shops,
          nicolae_take_the_stairs
D:11:     layout_loops_corners, david_orc_3, serial_ice, serial_ice_i,
          serial_ice_o, serial_ice_h, serial_ice_e, serial_ice_m, uniq_snorg,
          uniq_harold, uniq_erica
Temple:   eino_narrow_crystal_temple
Lair:1:   layout_big_grid

Skill      XL: |  1  2  3  4  5  6  7  8  9 10 11 |
---------------+----------------------------------+-----
Fighting       | 3 4 5 6 7 8 9 |  9.0
Dodging        | 3 |  3.8
Unarmed Combat | 4 5 6 7 8 9 10 | 10.7
Throwing       | 1 3 5 6 7 |  7.7
Evocations     | 1 3 4 5 6 |  6.5
Armour         | 2 |  2.1
Stealth        | |  1.0

Action                   |  1- 3 |  4- 6 |  7- 9 | 10-12 || total
-------------------------+-------+-------+-------+-------++-------
Melee: Unarmed           |    92 |   151 |   388 |   314 ||   945
       Punch             |     1 |     4 |    18 |    20 ||    43
Throw: Boomerang         |       |       |       |    20 ||    20
Evoke: Wand              |       |       |     3 |     5 ||     8
  Use: Scroll            |     2 |       |    17 |     6 ||    25
       Potion            |       |       |     1 |     9 ||    10
 Stab: Sleeping          |     3 |     2 |     4 |     2 ||    11
       Distracted        |       |     1 |     1 |       ||     2
       Paralysed         |       |       |       |     7 ||     7
Armor: Robe              |    36 |    48 |    81 |    41 ||   206
       Troll leather arm |       |       |       |    35 ||    35
Dodge: Dodged            |    47 |    61 |   186 |   133 ||   427
Block: Other             |       |       |    38 |    83 ||   121
       Reflection        |       |       |       |     1 ||     1

Table legend: (Time is in decaauts)
 A = Elapsed time spent in this place.
 B = Non-inter-level travel time spent in this place.
 C = Inter-level travel time spent in this place.
 D = Time resting spent in this place.
 E = Time spent auto-exploring this place.
 F = Levels seen in this place.
 G = Mean time per level.
                   A        B        C        D        E       F      G
               +--------+--------+--------+--------+--------+-----+--------+
         Total |  10461 |   9805 |    656 |    863 |   6568 |  14 |  747.2 |
       Dungeon |   9467 |   8825 |    642 |    863 |   5831 |  11 |  860.6 |
        Temple |    194 |    181 |     13 |      0 |    175 |   1 |  194.0 |
          Lair |     34 |     34 |      0 |      0 |      6 |   1 |   34.0 |
         Sewer |    765 |    765 |      0 |      0 |    556 |   1 |  765.0 |
               +--------+--------+--------+--------+--------+-----+--------+

Top non-repeatable levels by time:
     D:6: 1230 daAuts
    D:11: 1158 daAuts
     D:4: 1105 daAuts
    D:10: 856 daAuts
     D:5: 851 daAuts
     D:3: 843 daAuts
     D:7: 811 daAuts
     D:8: 799 daAuts
   Sewer: 765 daAuts
     D:9: 764 daAuts
     D:2: 670 daAuts
     D:1: 376 daAuts
  Temple: 194 daAuts
  Lair:1: 34 daAuts
